 Dungeon Crawl Stone Soup version 0.21.1-1-g345015fe64 (webtiles) character file.

117 Ivernyr the Magician (level 4, -2/36 HPs)
             Began as a Draconian Wizard on May 2, 2018.
             Killed by divine providence
             ... invoked by an orc priest
              (12 damage)
             ... on level 3 of the Dungeon.
             The game lasted 00:14:02 (3566 turns).

Ivernyr the Magician (Draconian Wizard)             Turns: 3566, Time: 00:14:02

Health: -2/36      AC:  5    Str:  9    XL:     4   Next: 71%
Magic:  0/10       EV: 12    Int: 20    God:
Gold:   129        SH:  0    Dex:  9    Spells: 2/11 levels left

rFire    . . .     SeeInvis .   o - +0 trident
rCold    . . .     Gourm    .   (no shield)
rNeg     . . .     Faith    .   (armour unavailable)
rPois    .         Spirit   .   (helmet restricted)
rElec    .         Reflect  .   (no cloak)
rCorr    .         Harm     .   (no gloves)
MR       .....                  (no boots)
Stlth    ++........             (no amulet)
HPRegen  0.12/turn              (no ring)
MPRegen  0.12/turn              (no ring)

@: no status effects
A: unfitting armour, cold-blooded, AC +5
a: no special abilities


You were on level 3 of the Dungeon.
You were not hungry.

You visited 1 branch of the dungeon, and saw 3 of its levels.

You collected 129 gold pieces.

Inventory:

Hand Weapons
 o - a +0 trident (weapon)
Missiles
 k - 10 tomahawks (quivered)
Wands
 r - a wand of iceblast (10)
Scrolls
 d - 3 scrolls of teleportation {unknown}
 e - a scroll of immolation {unknown}
 f - a scroll of enchant weapon {unknown}
 h - a scroll of fear {unknown}
 i - a scroll of remove curse {unknown}
 j - 2 scrolls of amnesia {unknown}
 m - a scroll of fog {unknown}
 q - 2 scrolls of enchant armour {unknown}
 s - a scroll of identify {unknown}
Potions
 a - a potion of curing
 g - 2 potions of lignification {unknown}
 l - a potion of berserk rage {unknown}
 n - a potion of cancellation {unknown}
 p - a potion of heal wounds {unknown}
Books
 b - a book of Minor Magic

   Spells                             Type                      Level
   a - Magic Dart                     Conjuration                  1
   b - Blink                          Translocation                2
   c - Call Imp                       Summoning                    2
   d - Slow                           Hexes                        2
   e - Conjure Flame                  Conjuration/Fire             3
   f - Mephitic Cloud                 Conjuration/Poison/Air       3
Comestibles
 c - 4 rations
 t - 4 chunks of flesh


   Skills:
 + Level 1.7 Fighting
 - Level 2.0 Dodging
 - Level 1.7 Stealth
 * Level 4.2 Spellcasting
 + Level 2.3 Conjurations
   Level 1.0 Summonings
 - Level 1.0 Translocations


You had 2 spell levels left.
You knew the following spells:

 Your Spells              Type           Power        Failure   Level  Hunger
a - Magic Dart            Conj           ##..         4%          1    None
b - Blink                 Tloc           N/A          12%         2    #......
c - Conjure Flame         Conj/Fire      #.......     22%         3    ###....
d - Mephitic Cloud        Conj/Pois/Air  #.......     26%         3    ###....


Dungeon Overview and Level Annotations

Branches:
Dungeon (3/15)

Altars:


Innate Abilities, Weirdness & Mutations

Your plain brown scales are hard. (AC +5)
You cannot fit into any form of body armour.
You are cold-blooded and may be slowed by cold attacks.


Message History

Aiming: Magic Dart
Press: ? - help, Shift-Dir - straight line, f/p - orc priest
Aim: an orc priest, wearing a scale mail (heavily wounded)
The magic dart hits the orc priest.
The orc priest is heavily wounded.
The orc priest hits you.
* * * LOW HITPOINT WARNING * * *
Casting: Magic Dart
Confirm with . or Enter, or press ? or * to list all spells.
Aiming: Magic Dart
Press: ? - help, Shift-Dir - straight line, f/p - orc priest
Aim: an orc priest, wearing a scale mail (heavily wounded)
The magic dart hits the orc priest.
The orc priest is severely wounded.
The orc priest hits you but does no damage.
You closely miss the orc priest.
The orc priest is severely wounded.
The orc priest invokes the aid of Beogh against you.
Beogh smites you!
You die...

##.###.# #..##)#
##.##.#
#..#[######## #..
##.#.#......# ..o
#...#......# #o.
##..#......# #o#
#..#......#######.#
#.)#......'.@o.##.#
##..#......####.##.#
#...'......# #.##.#
#...#......# #....#
#...#......# ######
#..>######## #.#.#
#.#.# #.#.#


You could see an orc priest.

Vanquished Creatures
  2 adders (D:3)
  An ooze (D:2)
  A worm (D:2)
  4 dart slugs
  9 orcs (D:3)
  3 ball pythons
  8 bats
  2 giant cockroaches
  12 goblins
  5 hobgoblins
  2 quokkas
  9 frilled lizards
  5 kobolds
  11 rats
74 creatures vanquished.

Notes
Turn   | Place    | Note
-------+----------+-------------------------------------------
     0 | D:1      | Ivernyr the Draconian Wizard began the quest for the Orb.
     0 | D:1      | Reached XP level 1. HP: 14/14 MP: 4/4
   251 | D:1      | Reached XP level 2. HP: 20/20 MP: 1/6
   948 | D:2      | Learned a level 2 spell: Blink
  1452 | D:2      | Reached XP level 3. HP: 27/27 MP: 6/8
  1662 | D:2      | Reached skill level 1 in Fighting
  1729 | D:2      | Learned a level 3 spell: Conjure Flame
  1733 | D:2      | Learned a level 3 spell: Mephitic Cloud
  2632 | D:3      | Reached skill level 4 in Spellcasting
  2632 | D:3      | Reached XP level 4. HP: 35/35 MP: 5/10
  3566 | D:3      | Killed from afar by an orc priest

Skill      XL: |  1  2  3 |
---------------+----------+-----
Dodging        | 2 |  2.0
Fighting       | 1 |  1.7
Conjurations   | 2 |  2.3
Spellcasting   | 4 |  4.2
Stealth        | |  1.7
Summonings     | |  1.0
Translocations | |  1.0

Action                   |  1- 3 |  4- 6 || total
-------------------------+-------+-------++-------
Melee: Unarmed           |    88 |     5 ||    93
       Tailslap          |     4 |     4 ||     8
       Trident           |       |    21 ||    21
Throw: Tomahawk          |     9 |    20 ||    29
 Cast: Magic Dart        |   137 |    63 ||   200
  Use: Potion            |       |     1 ||     1
  Eat: Chunk             |     5 |     3 ||     8
Armor: Skin              |    30 |    18 ||    48
Dodge: Dodged            |    49 |    51 ||   100
